cohdb
Replays
Latest Replays
All Replays
Popular Replays
Top Player Replays
Match Explorer
How It Works
Community
CoH3 Stats
Reddit
Sign in to upload your games and track your stats! →
Sign in with Steam
Match 41584200
Unlisted
Match 41584200
Overview
Messages
Build Orders
End
Construct Weapon Support Center
Construct Barracks
Selects Heavy Weapons
Riflemen Squad
Riflemen Squad
M1 Mortar Team
Riflemen Squad
Selects Assault Carriers
Construct Medical Station
Grenade Package
Construct Weapon Support Center
M1919 Machine Gun Team
M1919 Machine Gun Team
Infantry Support Center
Selects M2HB .50cal Heavy Machine Gun
Construct Motor Pool
Engineer Squad
Raiden
ZNMOP
Ashirvad Patel
The101stAirBorne ITA
BamboneWertherone ITA
Capibimbambombolilalone ITA
0
0
Comments
sign in to comment!
No comments posted yet!